 Dungeon Crawl Stone Soup version 0.30.1-9-gdf580d7c3d (webtiles) character file.

Game seed: 744317313223745102

11 H0rd4k the Charlatan (level 2, -2/21 HPs)
             Began as a Human Artificer on Sept 25, 2023.
             Slain by a hobgoblin (4 damage)
             ... on level 1 of the Dungeon.
             The game lasted 00:00:36 (254 turns).

H0rd4k the Charlatan (Human Artificer)               Turns: 254, Time: 00:00:36

Health: -2/21      AC:  3    Str: 12    XL:     2   Next: 35%
Magic:  2/2        EV: 11    Int: 11    God:
Gold:   21         SH:  0    Dex: 13    Spells: 1/1 levels left

rFire   . . .        a - +0 club
rCold   . . .        (no shield)
rNeg    . . .        b - +0 leather armour
rPois   .            (no helmet)
rElec   .            (no cloak)
rCorr   .            (no gloves)
SInv    .            (no boots)
Will    .....        (no amulet)
Stlth   +            (no ring)
HPRegen 0.23/turn    (no ring)
MPRegen 0.08/turn

%: no passive effects
@: no status effects
A: no striking features
a: no special abilities


You were on level 1 of the Dungeon.
You visited 1 branch of the dungeon, and saw 1 of its levels.

You collected 21 gold pieces.

Inventory:

Hand Weapons
 a - a +0 club (weapon)
Armour
 b - a +0 leather armour (worn)
Wands
 c - a wand of flame (15) (quivered)
 d - a wand of charming (14)
 e - a wand of iceblast (4)
Potions
 f - a potion of mutation {unknown}


   Skills:
 + Level 1.0 Fighting
 + Level 0.1 Maces & Flails
 - Level 2.0 Armour
 + Level 1.0 Dodging
 - Level 1.0 Stealth
 + Level 3.5 Evocations


You had one spell level left.
You didn't know any spells.
Your spell library was empty.

Dungeon Overview and Level Annotations

Branches:
Dungeon (1/15)

Altars:


Message History

The ball python closely misses you.
A rat comes into view.
The hobgoblin hits you.
You hit the hobgoblin but do no damage. The ball python bites you.
The ball python closely misses you. The hobgoblin barely misses you.
The ball python barely misses you. The ball python closely misses you.
The hobgoblin barely misses you.
You hit the hobgoblin.
The hobgoblin is moderately wounded.
The ball python bites you. The ball python closely misses you.
The rat misses you. The hobgoblin hits you. x2
The ball python completely misses you. The ball python grabs you.
The ball python constricts you.
You are too injured to fight recklessly!
You are too injured to fight recklessly!
You are too injured to fight recklessly!
You are too injured to fight recklessly!
You are too injured to fight recklessly!
You are too injured to fight recklessly!
You are too injured to fight recklessly!
You are too injured to fight recklessly!
You are too injured to fight recklessly!
You are too injured to fight recklessly!
You are too injured to fight recklessly!
You are too injured to fight recklessly!
You are too injured to fight recklessly!
You are too injured to fight recklessly!
Unknown command.
The ball python's grasp on you weakens, but your attempt to escape fails.
The rat completely misses you. The hobgoblin hits you.
* * * LOW HITPOINT WARNING * * *
The hobgoblin hits you.
* * * LOW HITPOINT WARNING * * *
The ball python bites you.
* * * LOW HITPOINT WARNING * * *
The ball python constricts you.
* * * LOW HITPOINT WARNING * * *
You escape the ball python's grasp.
The hobgoblin attacks as you move away! The hobgoblin hits you.
You die... ......P.P.P #####.. . .....(P.PP. ....... .. ......PP.PP ....... .# ######PP.PP ....... .# #PPP.. ....... ##.# #PPPPP ....... #..# #PPPPP ....rbg##.#### ##PPPPP

####S@.....#####......
......rg..##............
.....................#..
........................
........................
..........##............
.=........####....>.....
......?...# ######.....
#######.# #.....


You could see 2 hobgoblins, a bat, a ball python and 2 rats.

Vanquished Creatures
  2 endoplasms (D:1)
  A giant cockroach (D:1)
  2 goblins (D:1)
  A ball python (D:1)
  2 kobolds (D:1)
  2 rats (D:1)
10 creatures vanquished.

Vanquished Creatures (others)
  A giant cockroach (D:1)
1 creature vanquished.

Grand Total: 11 creatures vanquished

Notes
Turn   | Place    | Note
-------+----------+-------------------------------------------
     0 | D:1      | H0rd4k the Human Artificer began the quest for the Orb.
     0 | D:1      | Reached XP level 1. HP: 15/15 MP: 1/1
    15 | D:1      | Found a faded altar of an unknown god.
    73 | D:1      | Reached XP level 2. HP: 5/21 MP: 2/2
   254 | D:1      | Slain by a hobgoblin

Illustrated notes

Levels and vault maps discovered:
D:1:      roderic_crop_circles_arrival_small, layout_rooms,
          basic_ecumenical_altar

Action                     || total
---------------------------++-------
  Melee: Club              ||    25
  Evoke: Wand              ||     2
 Armour: Leather armour    ||    16
  Dodge: Dodged            ||    30
